 Dungeon Sprint DCSS version 0.31.0-9-g3a7656b989 (webtiles) character file.

Game seed: 16009316092899438968

4 Heoruswealwe the Covered (level 1, -7/20 HPs)
             Began as a Minotaur Fighter on Feb 5, 2024.
             Mangled by an iguana (11 damage)
             ... in the Dungeon (Sprint IX: "|||||||||||||||||||||||||||||").
             The game lasted 00:00:16 (60 turns).

Heoruswealwe the Covered (Minotaur Fighter)           Turns: 60, Time: 00:00:17

Health: -7/20      AC:  7    Str: 20    XL:     1   Next: 58%
Magic:  0/0        EV:  9    Int:  5    God:
Gold:   0          SH:  4    Dex:  9    Spells: 0/0 levels left

rFire   . . .        a - +0 trident
rCold   . . .        d - +0 buckler
rNeg    . . .        c - +0 scale mail
rPois   .            (helmet restricted)
rElec   .            (no cloak)
rCorr   .            (no gloves)
SInv    .            (no boots)
Will    .....        (no amulet) Stlth
                     (no ring)
HPRegen 0.23/turn    (no ring)
MPRegen 0.07/turn

%: no teleportation
@: no status effects
A: horns 2, retaliatory headbutt
a: no special abilities


You were in the Dungeon.
You visited 1 branch

Inventory:

Hand Weapons
 a - a +0 trident (weapon)
Armour
 c - a +0 scale mail (worn)
 d - a +0 buckler (worn)
Scrolls
 j - a scroll of blinking
Potions
 b - a potion of might
 e - a potion of curing
 f - a potion of heal wounds
 g - a potion of haste
 h - 2 potions of magic
 i - a potion of berserk rage


   Skills:
 + Level 4.1 Fighting
 * Level 3.7 Polearms
 + Level 4.1 Armour
 - Level 3.6 Shields


You couldn't memorise any spells.
You didn't know any spells.
Your spell library was empty.

Dungeon Overview and Level Annotations

Branches:
Dungeon (1/1)

Altars:


Innate Abilities, Weirdness & Mutations

You have a pair of horns on your head.
You reflexively headbutt those who attack you in melee.


Message History

Your Armour skill increases to level 4!
You miss the frilled lizard. You block the frilled lizard's attack.
You barely miss the frilled lizard. The frilled lizard barely misses you.
You barely miss the frilled lizard.
The frilled lizard bites you but does no damage.
The frilled lizard hisses.
The frilled lizard bites you but does no damage.
You puncture the frilled lizard!
You kill the frilled lizard!
The ball python bites you. The ball python barely misses you.
You puncture the ball python!
You kill the ball python!
You puncture the ball python!
You kill the ball python!
There is an open door to the Dungeon here.
Items here: ) †††.
Press: ? - help, v - describe, . - travel, g - get item
Items here: ) †††.
An open door to the Dungeon.
You start resting.
HP restored.
You open the door.
An orc, an ogre, a gnoll, a howler monkey and an iguana come into view.
The orc is wielding a +0 whip of pain.
The gnoll is wielding a +0 flail of venom.
The orc shouts!
The ogre shouts!
The howler monkey howls!
The iguana hisses angrily.
You hit the iguana but do no damage. You block the iguana's attack.
You hit the iguana but do no damage. The iguana bites you!
You hit the iguana.
The iguana is moderately wounded.
The iguana barely misses you. The iguana bites you.
You puncture the iguana!
The iguana is almost dead.
The iguana bites you!
* * * LOW HITPOINT WARNING * * *
You hit the iguana but do no damage.
The iguana is almost dead.
The iguana bites you!
Ouch! That really hurt!
You die...

▓+▓
▓.▓
▓o▓
▓O▓
▓g▓
▓h▓
▓l▓
▓@▓
▓.▓
▓.▓
▓.▓
▓.▓
▓)▓
▓.▓
▓.▓
▓.▓


You could see an ogre, a howler monkey, an iguana, a gnoll and an orc.

Vanquished Creatures
  An endoplasm (D)
  A goblin (D)
  2 ball pythons (D)
  A frilled lizard (D)
5 creatures vanquished.

Notes
Turn   | Place    | Note
-------+----------+-------------------------------------------
     0 | D        | Heoruswealwe the Minotaur Fighter began the quest for the
                  | Orb.
     0 | D        | Reached XP level 1. HP: 19/19 MP: 0/0
    55 | D        | Noticed an ogre
    55 | D        | Noticed a howler monkey
    55 | D        | Noticed an iguana
    60 | D        | Mangled by an iguana

Illustrated notes

Levels and vault maps discovered:
D:        linesprint [early_d, line_temple, items_1, d_10, items_2, lair_1,
          lair_end, items_3, orc_1, orc_end, items_4, d_15, swamp_1, shoals_1,
          snake_1, spider_1, d_20, vaults_1, items_5, swamp_end, shoals_end,
          snake_end, spider_end, vaults_end, d_27, items_6, zot_1, zot_end,
          crypt_end, forest_end, elf_end, slime_end, tomb_end, abyss_end,
          pan_hell_end]

Skill      XL: |  1 |
---------------+----+-----
Polearms       | 3 |  3.7
Fighting       | 4 |  4.1
Armour         | 4 |  4.1
Shields        | |  3.6

Action                     || total
---------------------------++-------
  Melee: Trident           ||    17
 Armour: Scale mail        ||     9
  Dodge: Dodged            ||     4
  Block: Buckler           ||     2
